 Dungeon Crawl Stone Soup version 0.32-a0-461-g5d8ddb3 (webtiles) character file.

Game seed: 8762934639140450101

149 jagoly the Shooter (level 5, 0/37 HPs)
             Began as a Mummy Hexslinger on Feb 24, 2024.
             Slain by an orc
             ... wielding a +0 club
              (3 damage)
             ... on level 5 of the Dungeon.
             The game lasted 00:06:43 (2344 turns).

jagoly the Shooter (Mummy Hexslinger)               Turns: 2344, Time: 00:06:44

Health: 0/37       AC:  3    Str: 11    XL:     5   Next: 9%
Magic:  7/8        EV: 12    Int: 13    God:
Gold:   150        SH:  0    Dex: 16    Spells: 6/8 levels left

rFire   x . .        a - +1 sling
rCold   + + .        (no shield)
rNeg    + + +        c - +0 robe
rPois   ∞            (no helmet)
rElec   .            (no cloak)
rCorr   .            (no gloves)
SInv    .            f - +0 pair of boots
Will    .....        (no amulet)
Stlth   +            h - ring of protection from cold
HPRegen 0.26/turn    (no ring)
MPRegen 0.11/turn

%: faith
@: weak-willed
A: cold resistance 1, negative energy resistance 3, torment resistance 2, heat
vulnerability 1, in touch with death 1, no potions, faith
a: no special abilities


You were on level 5 of the Dungeon.
You visited 2 branches of the dungeon, and saw 6 of its levels.

You collected 150 gold pieces.

Inventory:

Hand Weapons
 a - a +1 sling (weapon)
Missiles
 j - 4 poisoned darts
 p - 2 throwing nets
Armour
 c - a +0 robe (worn)
 f - a +0 pair of boots (worn)
 o - an orb of light
 r - a +2 scale mail of cold resistance
Jewellery
 h - a ring of protection from cold (left hand)
Wands
 n - a wand of flame (14)
 q - a wand of polymorph (8)
Scrolls
 b - a scroll of poison
 d - 3 scrolls of noise {unknown}
 e - a scroll of enchant armour {unknown}
 g - 2 scrolls of vulnerability {unknown}
 i - a scroll of identify {unknown}
 k - a scroll of torment {unknown}
 l - a scroll of teleportation {unknown}
 m - a scroll of immolation {unknown}


   Skills:
 - Level 1.0 Fighting
 * Level 4.1 Ranged Weapons
 - Level 1.5 Dodging
 - Level 2.0 Spellcasting
 - Level 3.0 Hexes
 - Level 0.7 Fire Magic


You had 6 spell levels left.
You knew the following spells:

 Your Spells              Type           Power      Damage    Failure   Level
a - Jinxbite              Hex            18%        N/A       11%         2

Your spell library contained the following spells:

 Spells                   Type           Power      Damage    Failure   Level
 Foxfire                  Conj/Fire      8%         2x1d4     22%         1
 Sigil of Binding         Hex            9%         N/A       22%         3
 Inner Flame              Hex/Fire       6%         N/A       34%         3
 Cause Fear               Hex            4%         N/A       58%         4
 Dimensional Bullseye     Hex/Tloc       2%         N/A       80%         4
 Plasma Beam              Fire/Air       1%         2x1d11    100%        6
 Starburst                Conj/Fire      1%         6d3       100%        6


Dungeon Overview and Level Annotations

Branches:
Dungeon (5/15) Zot: 26982  Temple (1/1) D:4 Zot: 5998

Altars:
Ashenzari
Cheibriados
Dithmenos
Fedhas
Makhleb
Nemelex Xobeh
Okawaru
Ru
Sif Muna
Trog
Vehumet
Wu Jian
Xom
Yredelemnul

Annotations:
D:4 Grinder, Natasha
Temple 2 transporters


Innate Abilities, Weirdness & Mutations

You are immune to poison.
Your flesh is cold resistant. (rC+)
You are immune to negative energy. (rN+++)
You are immune to unholy pain and torment.
You are vulnerable to heat. (rF-)
You are in touch with the powers of death.
You do not drink.
You have a special connection with the divine. (Faith)


Message History

Fire: a) +1 sling
Press: ? - help, Q - select action, (/) - cycle Shift-Dir - straight line, f - adder
Aim: an adder (lightly wounded, chance to call a sprite on attack: 50%, 40% to hit)
You shoot a sling bullet.
The sling bullet barely misses the adder.
A giggling sprite leaps out and ties the adder's tail in a knot.
The adder is heavily wounded.
The adder bites you but does no damage. The adder closely misses you.
Fire: a) +1 sling
Press: ? - help, Q - select action, (/) - cycle Shift-Dir - straight line, f/p - adder
Aim: an adder (heavily wounded, heavily drained, chance to call a sprite on attack: 54%, 40% to hit)
You shoot a sling bullet. The sling bullet hits the adder.
The adder is severely wounded.
The adder barely misses you. The adder bites you but does no damage.
Fire: a) +1 sling
Press: ? - help, Q - select action, (/) - cycle Shift-Dir - straight line, f/p - adder
Aim: an adder (severely wounded, heavily drained, chance to call a sprite on attack: 54%, 40% to hit)
You shoot a sling bullet.
The sling bullet closely misses the adder.
A giggling sprite leaps out and ties the adder's tail in a knot.
The adder is almost dead.
The jinxing sprites lose interest in you.
The adder bites you but does no damage.
Fire: a) +1 sling
Press: ? - help, Q - select action, (/) - cycle Shift-Dir - straight line, f/p - adder
Aim: an adder (almost dead, heavily drained, 40% to hit)
You shoot a sling bullet. The sling bullet hits the adder.
You kill the adder!
You now have 135 gold pieces (gained 6).
You see here a +0 halberd.
HP restored.
A goblin comes into view. It is wielding a +0 club.
You shoot a sling bullet. The goblin shouts!
The sling bullet hits the goblin.
The goblin is heavily wounded.
You shoot a sling bullet. The sling bullet hits the goblin.
The goblin is severely wounded.
No target in view!
A goblin and a frilled lizard come into view.
You shoot a sling bullet. The sling bullet misses the goblin.
The frilled lizard hisses angrily.
The sling bullet hits the frilled lizard.
You kill the frilled lizard!
You shoot a sling bullet.
The sling bullet barely misses the goblin.
You shoot a sling bullet.
The sling bullet closely misses the goblin.
The goblin hits you with a +0 club.
You shoot a sling bullet. The sling bullet hits the goblin.
You kill the goblin!
You feel your willpower return.
No target in view!
Found 4 stones.
There is an open door here.
A hobgoblin comes into view.
The hobgoblin shouts!
You shoot a sling bullet.
The sling bullet closely misses the hobgoblin.
You shoot a sling bullet.
The sling bullet barely misses the hobgoblin.
You shoot a sling bullet. The sling bullet hits the hobgoblin.
The hobgoblin is heavily wounded.
You shoot a sling bullet. The sling bullet hits the hobgoblin.
You kill the hobgoblin!
No target in view!
No target in view!
You see here a +0 whip.
There is an open door here.
You see here an adder corpse.
Found a stone staircase leading down.
You see here a brown potion.
You open the door.
There is an open door here.
As you open the door, it creaks loudly!
You hear a shout!
Found a glass wand.
There is an open door here.
A hobgoblin, a dart slug and a kobold come into view.
Found 6 gold pieces.
There is an open door here.
Cast which spell? (? or * to list)
You beckon some vexing sprites to accompany your attacks.
You feel your willpower being sapped.
You shoot a sling bullet.
The sling bullet barely misses the kobold.
The kobold hits you but does no damage.
You shoot a sling bullet. The sling bullet hits the kobold.
The kobold is severely wounded.
The kobold barely misses you.
You shoot a sling bullet. The sling bullet hits the kobold!
You kill the kobold!
You shoot a sling bullet. The sling bullet hits the dart slug.
The dart slug is heavily wounded.
A giggling sprite leaps out and makes the dart slug trip over its own underside.
The dart slug is severely wounded.
You shoot a sling bullet. The sling bullet hits the dart slug.
You kill the dart slug!
No target in view!
No target in view!
The jinxing sprites lose interest in you.
The sprites lose interest in your situation.
Things that are here:
a +0 dagger; a kobold corpse A hobgoblin comes into view.
You shoot a sling bullet.
The sling bullet barely misses the hobgoblin.
The hobgoblin shouts!
You shoot a sling bullet. The sling bullet hits the hobgoblin.
The hobgoblin is severely wounded.
You shoot a sling bullet. The sling bullet hits the hobgoblin.
The hobgoblin is almost dead.
You shoot a sling bullet. The sling bullet hits the hobgoblin.
You kill the hobgoblin!
No target in view!
q - a wand of polymorph (8)
A hobgoblin is nearby!
You shoot a sling bullet. The sling bullet hits the hobgoblin.
The hobgoblin is moderately wounded.
You shoot a sling bullet. The sling bullet hits the hobgoblin!
You kill the hobgoblin!
No target in view!
You feel your willpower return.
You now have 141 gold pieces (gained 6).
You see here a hobgoblin corpse.
You open the door. You open the door.
A kobold comes into view. It is wielding a +0 dagger.
You shoot a sling bullet. The sling bullet hits the kobold.
You kill the kobold!
No target in view!
You open the door.
There is an open door here.
There is an open door here.
Found 6 stones.
You see here 6 stones.
An endoplasm comes into view.
You shoot a sling bullet. The sling bullet hits the endoplasm.
The endoplasm quivers.
The endoplasm is heavily wounded.
The endoplasm freezes you.
You are frozen.
You resist.
You shoot a sling bullet. The sling bullet hits the endoplasm.
The endoplasm is almost dead.
The endoplasm freezes you.
You are frozen.
You resist.
You shoot a sling bullet. The sling bullet hits the endoplasm.
You kill the endoplasm!
No target in view!
An adder comes into view.
You shoot a sling bullet. The sling bullet hits the adder.
The adder hisses angrily.
The adder is heavily wounded.
You shoot a sling bullet. The sling bullet misses the adder.
You shoot a sling bullet. The sling bullet misses the adder.
You shoot a sling bullet. The sling bullet hits the adder.
The adder is severely wounded.
The adder bites you.
You shoot a sling bullet.
The sling bullet closely misses the adder.
The adder barely misses you.
You shoot a sling bullet. The sling bullet hits the adder.
You kill the adder!
No target in view!
Found a stone staircase leading up.
A goblin comes into view. It is wielding a +0 club.
The goblin shouts!
A goblin is nearby!
You shoot a sling bullet.
The sling bullet hits the goblin but does no damage.
You shoot a sling bullet. The sling bullet hits the goblin.
The goblin is moderately wounded.
The goblin hits you with a +0 club.
You shoot a sling bullet. The sling bullet hits the goblin.
You kill the goblin!
No target in view!
Things that are here:
a +0 club; a goblin corpse
Things that are here:
a +0 club; a goblin corpse
There is a dry fountain here.
Things that are here:
a +0 club; a goblin corpse Done exploring.
Done exploring.
Okay, then.
You see here 6 stones.
There is an open door here.
You open the door.
There is an open door here.
There is an open door here.
There is a stone staircase leading down here.
You climb downwards.
There is a stone staircase leading up here.
Found a hand axe.
Found a stone staircase leading down.
You now have 150 gold pieces (gained 9).
You see here a +0 ring mail.
You pick up a book of Fire and begin reading...
You add the spells Foxfire, Plasma Beam and Starburst to your library.
A ball python comes into view.
Found a staircase to the Ecumenical Temple.
The ball python hisses angrily.
A ball python is nearby!
You shoot a sling bullet.
The sling bullet barely misses the ball python.
You shoot a sling bullet.
The sling bullet closely misses the ball python.
The ball python bites you but does no damage.
The ball python misses you.
You shoot a sling bullet. The sling bullet hits the ball python.
You kill the ball python!
No target in view!
You see here a ball python corpse.
A hobgoblin comes into view.
The hobgoblin shouts!
There is a staircase to the Ecumenical Temple here.
You shoot a sling bullet.
The sling bullet hits the hobgoblin but does no damage.
You shoot a sling bullet.
The sling bullet hits the hobgoblin but does no damage.
You shoot a sling bullet. The sling bullet hits the hobgoblin.
You kill the hobgoblin!
No target in view!
No target in view!
No target in view!
You climb downwards.
Welcome to the Ecumenical Temple!
Found eight altars.
Found a staircase back to the Dungeon.
Found two transporters.
There is a staircase back to the Dungeon here.
You can't go down here!
Search for what [? for help]? .
You climb upwards.
Welcome back to the Dungeon!
There is a staircase to the Ecumenical Temple here.
Search for what [Enter for "."]? usk Can't find anything matching that.
Found a stone staircase leading up.
There is a stone staircase leading up here.
A jackal comes into view.
You shoot a sling bullet.
The sling bullet closely misses the jackal.
The jackal barks!
A jackal comes into view.
You shoot a sling bullet. The sling bullet hits the jackal.
The jackal is severely wounded.
A jackal comes into view.
You shoot a sling bullet. The jackal barks!
The sling bullet hits the jackal.
You kill the jackal!
Natasha, Servant of Life and Death comes into view.
Natasha hisses angrily.
Natasha casts a spell.
Cast which spell? (? or * to list)
You beckon some vexing sprites to accompany your attacks.
You feel your willpower being sapped. The jackal closely misses you.
Fire: a) +1 sling
Press: ? - help, Q - select action, (/) - cycle Shift-Dir - straight line, f - Natasha
Aim: Natasha (chance to call a sprite on attack: 41%, 51% to hit)
You shoot a sling bullet. The sling bullet misses the jackal.
The sling bullet closely misses the jackal.
The sling bullet hits Natasha.
Natasha is lightly wounded.
A giggling sprite leaps out and makes Natasha trip over her own paws.
Natasha is moderately wounded.
A giggling sprite leaps out and smacks the jackal with its own front paw.
The jackal is severely wounded.
A giggling sprite leaps out and makes the jackal trip over its own paws.
The jackal is heavily wounded.
The jackal misses you.
The jackal bites you but does no damage.
Fire: a) +1 sling
Press: ? - help, Q - select action, (/) - cycle Shift-Dir - straight line, f/p - Natasha
Aim: Natasha (moderately wounded, heavily drained, chance to call a sprite on attack: 53%, 51% to hit)
You shoot a sling bullet.
The sling bullet barely misses the jackal.
The sling bullet closely misses the jackal.
The sling bullet hits the cerulean imp!
The cerulean imp is heavily wounded.
A giggling sprite leaps out and smacks the jackal with its own front paw.
You kill the jackal!
The jinxing sprites lose interest in you.
The cerulean imp barely misses you. The jackal bites you.
Natasha casts a spell.
You hear a shout!
Fire: a) +1 sling
Press: ? - help, Q - select action, (/) - cycle Shift-Dir - straight line, f/p - Natasha
Aim: Natasha (moderately wounded, heavily drained, 51% to hit)
You shoot a sling bullet. The sling bullet hits the jackal.
You kill the jackal!
Grinder comes into view.
The cerulean imp hits you from afar with a +1 spear.
Natasha casts a spell.
Fire: a) +1 sling
Press: ? - help, Q - select action, (/) - cycle Shift-Dir - straight line, f/p - Natasha
Aim: Natasha (moderately wounded, heavily drained, 51% to hit)
Okay, then.
Natasha seems less drained.
The cerulean imp attacks as it pursues you!
The cerulean imp hits you from afar with a +1 spear.
The cerulean imp attacks as it pursues you!
The cerulean imp hits you from afar with a +1 spear.
The cerulean imp closely misses you.
There is a stone staircase leading up here.
Press: ? - help, v - describe, . - travel
Here: a cerulean imp, wielding a +1 spear (heavily wounded, summoned)
The floor.
Unknown command.
Magic restored.
The cerulean imp misses you.
Natasha growls.
You climb upwards.
There is a stone staircase leading down here.
Magic restored.
You feel your willpower return.
You open the door.
There is an open door here.
There is a stone staircase leading down here.
You start resting.
HP restored.
You start resting.
HP restored.
You climb downwards.
Level annotation: Grinder, Natasha The goblin shouts!
Found a glowing scale mail.
There is a stone staircase leading up here.
You shoot a sling bullet.
The sling bullet barely misses the goblin.
The goblin hits you but does no damage. x2
You shoot a sling bullet.
The sling bullet closely misses the goblin.
The goblin barely misses you.
You shoot a sling bullet. The sling bullet hits the goblin.
You kill the goblin!
No target in view!
No target in view!
You see here a +0 club.
You see here a +2 scale mail of cold resistance.
r - a +2 scale mail of cold resistance
Found a stone staircase leading down.
A gnoll comes into view. It is wielding a +0 flail.
A gnoll is nearby!
Cast which spell? (? or * to list)
You beckon some vexing sprites to accompany your attacks.
You feel your willpower being sapped.
You shoot a sling bullet. The sling bullet hits the gnoll.
The gnoll is heavily wounded.
A giggling sprite leaps out and smacks the gnoll with its own hand.
The gnoll is severely wounded.
A gnoll comes into view. It is wielding a +0 spear.
Fire: a) +1 sling
Press: ? - help, Q - select action, (/) - cycle Shift-Dir - straight line, f - gnoll, p - gnoll
Aim: a gnoll, wielding a +0 spear (wandering, hasn't noticed you, chance to call a sprite on attack: 50%, 63% to hit)
You shoot a sling bullet.
The sling bullet barely misses the gnoll.
The sling bullet closely misses the gnoll.
The gnoll shouts!
You hear a shout!
A gnoll comes into view. It is wielding a +0 spear.
Fire: a) +1 sling
Press: ? - help, Q - select action, (/) - cycle Shift-Dir - straight line, f - gnoll
Aim: a gnoll, wielding a +0 spear (wandering, hasn't noticed you, chance to call a sprite on attack: 50%, 63% to hit)
You shoot a sling bullet. The sling bullet hits the gnoll.
The gnoll is lightly wounded.
A giggling sprite leaps out and insults the gnoll's ancestors.
The gnoll is moderately wounded.
Fire: a) +1 sling
Press: ? - help, Q - select action, (/) - cycle Shift-Dir - straight line, f - gnoll, p - gnoll
Aim: a gnoll, wielding a +0 spear (chance to call a sprite on attack: 50%, 63% to hit)
You shoot a sling bullet.
The sling bullet hits the gnoll but does no damage.
The gnoll is severely wounded.
The gnoll seems less drained.
A gnoll comes into view. It is wielding a +0 whip.
Fire: a) +1 sling
Press: ? - help, Q - select action, (/) - cycle Shift-Dir - straight line, f - gnoll, p - gnoll
Aim: a gnoll, wielding a +0 whip (wandering, hasn't noticed you, chance to call a sprite on attack: 50%, 63% to hit)
You shoot a sling bullet. The gnoll shouts!
The sling bullet hits the gnoll!
You kill the gnoll!
Your Ranged Weapons skill increases to level 4!
You have reached level 5!
You feel clever.
Fire: a) +1 sling
Press: ? - help, Q - select action, (/) - cycle Shift-Dir - straight line, f/p - gnoll
Aim: a gnoll, wielding a +0 whip (chance to call a sprite on attack: 51%, 64% to hit)
You shoot a sling bullet. The sling bullet hits the gnoll.
The gnoll is heavily wounded.
A giggling sprite leaps out and makes the gnoll trip over its own feet.
The gnoll is severely wounded.
The jinxing sprites lose interest in you.
A gnoll comes into view. It is wielding a +0 spear.
A gnoll bouda comes into view. It is wielding a +0 whip.
The gnoll bouda shouts!
The gnoll hits you with a +0 spear.
There is a stone staircase leading down here.
Unknown command.
Unknown command.
The gnoll hits you from afar with a +0 spear.
The gnoll closely misses you.
You climb downwards.
Found 10 gold pieces.
There is a stone staircase leading up here.
Fire: a) +1 sling
Press: ? - help, Q - select action, (/) - cycle Shift-Dir - straight line, f - gnoll
Aim: a gnoll, wielding a +0 spear (severely wounded, heavily drained, 64% to hit)
You shoot a sling bullet. The sling bullet hits the gnoll.
You kill the gnoll!
You hear a shout! x3
An orc comes into view. It is wielding a +0 flail.
You hear a shout!
You shoot a sling bullet. The sling bullet barely misses the orc.
You hear a shout!
You shoot a sling bullet. The sling bullet hits the orc.
The orc is almost dead.
The orc hits you with a +0 flail.
You shoot a sling bullet.
The sling bullet closely misses the orc.
An orc comes into view. It is wielding a +0 club.
The orc attacks as it pursues you! The orc misses you.
You see here a +0 spear.
Fire: a) +1 sling
Press: ? - help, Q - select action, (/) - cycle Shift-Dir - straight line, f - orc, p - orc
Aim: an orc, wielding a +0 club and wearing a +0 ring mail (64% to hit)
You shoot a sling bullet.
The sling bullet closely misses the orc.
The sling bullet barely misses the orc.
You hear a shout!
An orc wizard comes into view. It is wielding a +0 dagger.
The orc hits you with a +0 flail.
An orc comes into view. It is wielding a +0 dagger.
Fire: a) +1 sling
Press: ? - help, Q - select action, (/) - cycle Shift-Dir - straight line, f - orc wizard, p - orc
Aim: an orc wizard, wielding a +0 dagger and wearing a +0 robe (53% to hit)
You shoot a sling bullet. The sling bullet hits the orc.
You kill the orc!
The orc closely misses you.
The orc wizard gestures at you while chanting.
The magic dart hits you!
Fire: a) +1 sling
Press: ? - help, Q - select action, (/) - cycle Shift-Dir - straight line, f/p - orc wizard
Aim: an orc wizard, wielding a +0 dagger and wearing a +0 robe (53% to hit)
You shoot a sling bullet. The sling bullet hits the orc wizard!
The orc wizard is heavily wounded.
The orc hits you but does no damage.
Fire: a) +1 sling
Press: ? - help, Q - select action, (/) - cycle Shift-Dir - straight line, f/p - orc wizard
Aim: an orc wizard, wielding a +0 dagger and wearing a +0 robe (heavily wounded, 53% to hit)
You shoot a sling bullet.
The sling bullet closely misses the orc wizard.
The orc closely misses you. The orc misses you.
An orc comes into view. It is wielding a +0 club.
The orc wizard closely misses you.
Fire: a) +1 sling
Press: ? - help, Q - select action, (/) - cycle Shift-Dir - straight line, f/p - orc wizard
Aim: an orc wizard, wielding a +0 dagger and wearing a +0 robe (heavily wounded, 53% to hit)
You shoot a sling bullet. The sling bullet hits the orc wizard.
The orc wizard is heavily wounded.
You hear a shout!
The orc closely misses you. x2
The orc wizard casts a spell.
The orc wizard flickers and vanishes!
Deactivating autopickup; reactivate with Ctrl-A.
You hear a shout!
Fire: a) +1 sling
Press: ? - help, Q - select action, (/) - cycle Shift-Dir - straight line You shoot a sling bullet.
The orc misses you. The orc hits you with a +0 club.
You hear some strange, mumbled words.
A magic dart appears from out of thin air!
The magic dart hits you.
* * * LOW HITPOINT WARNING * * *
Fire: a) +1 sling
Press: ? - help, Q - select action, (/) - cycle Shift-Dir - straight line You shoot a sling bullet.
The orc misses you. The orc hits you with a +0 club.
* * * LOW HITPOINT WARNING * * *
Something hits you but does no damage. The orc barely misses you. x2
The orc hits you with a +0 dagger.
* * * LOW HITPOINT WARNING * * *
Something hits you.
* * * LOW HITPOINT WARNING * * *
Fire: a) +1 sling
Press: ? - help, Q - select action, (/) - cycle Shift-Dir - straight line
Okay, then.
Okay, then.
Fire: a) +1 sling
Press: ? - help, Q - select action, (/) - cycle Shift-Dir - straight line You shoot a sling bullet.
The orc barely misses you. The orc hits you with a +0 dagger.
* * * LOW HITPOINT WARNING * * *
The orc hits you with a +0 club.
* * * LOW HITPOINT WARNING * * *
Something hits you.
* * * LOW HITPOINT WARNING * * *
Fire: a) +1 sling
Press: ? - help, Q - select action, (/) - cycle Shift-Dir - straight line You shoot a sling bullet.
An orc comes into view. It is wielding a +2 mace of protection.
The orc hits you with a +0 club.
You die...

.... .....
..... # ......
##. ......
####..###......
#..............
#{o.# #@###
#oo# ....$
o.......
####......
..###### .## ##


You could see 4 orcs.

Vanquished Creatures
  2 adders (D:3)
  7 gnolls
  A dart slug (D:3)
  A ribbon worm (D:2)
  An orc (D:5)
  5 ball pythons
  4 bats
  4 endoplasms
  A giant cockroach (D:3)
  4 goblins
  7 hobgoblins
  6 jackals
  6 kobolds
  2 frilled lizards
  7 rats
58 creatures vanquished.

Notes
Turn   | Place    | Note
-------+----------+-------------------------------------------
     0 | D:1      | jagoly the Mummy Hexslinger began the quest for the Orb.
     0 | D:1      | Reached XP level 1. HP: 15/15 MP: 2/2
   132 | D:2      | Found a shimmering altar of Xom.
   252 | D:2      | Reached skill level 2 in Ranged Weapons
   252 | D:2      | Reached XP level 2. HP: 18/21 MP: 4/4
   255 | D:2      | Learned a level 2 spell: Jinxbite
   821 | D:1      | Reached XP level 3. HP: 26/26 MP: 6/6
  1372 | D:2      | Reached skill level 3 in Ranged Weapons
  1584 | D:3      | Reached XP level 4. HP: 30/32 MP: 7/7
  2175 | D:4      | Found a staircase to the Ecumenical Temple.
  2189 | Temple   | Found a transporter.
  2189 | Temple   | Found a transporter.
  2189 | Temple   | Found a transporter.
  2189 | Temple   | Found a transporter.
  2189 | Temple   | Entered the Ecumenical Temple
  2220 | D:4      | Noticed Natasha
  2225 | D:4      | Noticed Grinder
  2327 | D:4      | Reached skill level 4 in Ranged Weapons
  2327 | D:4      | Reached XP level 5. HP: 37/37 MP: 5/8
  2330 | D:5      | Entered Level 5 of the Dungeon
  2344 | D:5      | Slain by an orc

Illustrated notes

Levels and vault maps discovered:
D:1:      lightli_molten_gateway, layout_rooms, serial_aquarium,
          aquarium_bridge_straight [aquarium_subvault_bridge,
          aquarium_subvault_wall, aquarium_subvault_bridge,
          aquarium_subvault_window], aquarium_window_1,
          aquarium_window_corridor_2, aquarium_window_1, aquarium_window_1,
          aquarium_view_2e, aquarium_balcony_double_4, serial_park_tiny_pond
D:2:      layout_basic, basic_altar
D:3:      layout_basic, minmay_strange_pillars, grunt_ministairs_8
D:4:      layout_loops_ring, minmay_temple_entry_sparse_star, uniq_grinder,
          uniq_natasha, uniq_crazy_yiuf_cottage
D:5:      layout_rooms, nicolae_gozag_seed_capital, kennysheep_big_empty_room,
          kennysheep_potato
Temple:   hellmonk_temple_divided_pantheon

Skill      XL: |  1  2  3  4 |
---------------+-------------+-----
Ranged Weapons | 2 3 4 |  4.1
Spellcasting   | 2 |  2.0
Hexes          | 3 |  3.0
Fighting       | |  1.0
Dodging        | |  1.5
Fire Magic     | |  0.7

Action                     |  1- 3 |  4- 6 || total
---------------------------+-------+-------++-------
   Fire: Sling             |   124 |    80 ||   204
   Cast: Jinxbite          |     3 |     5 ||     8
 Armour: Robe              |    40 |    33 ||    73
  Dodge: Dodged            |    43 |    26 ||    69

Table legend: (Time is in decaauts)
 A = Elapsed time spent in this place.
 B = Non-inter-level travel time spent in this place.
 C = Inter-level travel time spent in this place.
 D = Time resting spent in this place.
 E = Time spent auto-exploring this place.
 F = Levels seen in this place.
 G = Mean time per level.
                   A        B        C        D        E       F      G
               +--------+--------+--------+--------+--------+-----+--------+
         Total |   2395 |   2233 |    162 |     94 |   1623 |   6 |  399.2 |
       Dungeon |   2394 |   2232 |    162 |     94 |   1623 |   5 |  478.8 |
        Temple |      1 |      1 |      0 |      0 |      0 |   1 |    1.0 |
               +--------+--------+--------+--------+--------+-----+--------+

Top non-repeatable levels by time:
     D:3: 797 daAuts
     D:1: 735 daAuts
     D:2: 717 daAuts
     D:4: 127 daAuts
     D:5: 16 daAuts
  Temple: 1 daAuts
